 Dungeon Crawl Stone Soup version 0.31-a0-202-g547052bce9 (webtiles) character file.

Game seed: 15598087477014538240

51 qw the Shooter (level 3, 0/20 HPs)
             Began as a Deep Elf Hunter on June 26, 2023.
             Slain by a goblin
             ... wielding a +0 dagger
             ... led by Robin
              (5 damage)
             ... on level 2 of the Dungeon.
             The game lasted 00:00:27 (688 turns).

qw the Shooter (Deep Elf Hunter)                     Turns: 688, Time: 00:00:27

Health: 0/20       AC:  3    Str:  8 (10) XL:     3   Next: 58%
Magic:  3/5        EV: 12    Int: 12 (13) God:
Gold:   66         SH:  0    Dex: 16 (18) Spells: 2/2 levels left

rFire   . . .        Y - +0 shortbow
rCold   . . .        (shield currently unavailable)
rNeg    . . .        c - +0 leather armour
rPois   .            (no helmet)
rElec   .            (no cloak)
rCorr   .            (no gloves)
SInv    .            (no boots)
Will    .....        (no amulet)
Stlth   ++           (no ring)
HPRegen 0.23/turn    (no ring)
MPRegen 0.09/turn

%: no passive effects
@: no status effects
A: no striking features
a: no special abilities


You were on level 2 of the Dungeon.
You visited 1 branch of the dungeon, and saw 2 of its levels.

You collected 66 gold pieces.


   Skills:
 - Level 1.5 Fighting
 + Level 7.1 Ranged Weapons
 - Level 2.4 Dodging
 - Level 1.2 Stealth


You had 2 spell levels left.
You didn't know any spells.
Your spell library was empty.

Inventory:

Hand Weapons
 Y - a +0 shortbow (weapon)
Armour
 c - a +0 leather armour (worn)
Potions
 d - a potion of curing {unknown}

Dungeon Overview and Level Annotations

Branches:
Dungeon (2/15)

Altars:

Annotations:
D:2 Robin


Message History

Robin throws the goblin at you!
You shoot an arrow.
The arrow hits the goblin but does no damage.
The goblin completely misses you.
A goblin comes into view. It is wielding a +0 club.
Robin barely misses you.
You shoot an arrow.
The arrow hits the goblin but does no damage.
A goblin comes into view. It is wielding a +0 dagger.
The goblin closely misses you. Robin barely misses you.
You shoot an arrow. The arrow hits the goblin!
You kill the goblin!
The goblin hits you with a +0 dagger.
Robin hits you from afar with a +3 antimagic spear.
A goblin comes into view. It is wielding a +0 club.
You shoot an arrow. The arrow barely misses the goblin.
The goblin hits you with a +0 dagger.
Robin roars a battlecry!
The goblin goes into a battle-frenzy!
You shoot an arrow. The arrow hits the hobgoblin.
The hobgoblin is severely wounded.
The hobgoblin hits you but does no damage.
The goblin hits you but does no damage.
Robin hits you from afar with a +3 antimagic spear.
You feel your power leaking away. Robin throws the goblin at you!
The goblin closely misses you.
You shoot an arrow. The arrow hits the hobgoblin.
You kill the hobgoblin!
A kobold comes into view. It is wielding a +0 short sword.
The goblin hits you with a +0 dagger. The goblin misses you.
Robin barely misses you.
686 ||| Stepping ~*~*~tactically~*~*~ (outnumbered).
You shoot an arrow. The arrow hits the goblin.
The goblin is severely wounded.
You hear a shout!
The goblin hits you with a +0 dagger. The goblin closely misses you.
You shoot an arrow. The arrow hits the goblin.
You kill the goblin!
Robin barely misses you. The goblin hits you with a +0 dagger.
You die...

.. ### .###..
..#.# #.#.#
##+##.#.#
#.......#
#.......##
#....)gg%#
#.....@#)#
#......#gg.
###......##.g.K
.......).#
.###).
#######......#
.# #
#.....######.#
.
#............#
#
###.##########
#.#


You could see Robin and a goblin (strong).

Vanquished Creatures
  An adder (D:2)
  An endoplasm (D:1)
  2 giant cockroaches (D:1)
  10 goblins
  9 hobgoblins
  3 jackals (D:1)
  4 ball pythons (D:1)
  4 bats
  A kobold (D:1)
  6 rats (D:1)
41 creatures vanquished.

Notes
Turn   | Place    | Note
-------+----------+-------------------------------------------
     0 | D:1      | qw the Deep Elf Hunter began the quest for the Orb.
     0 | D:1      | Reached XP level 1. HP: 12/12 MP: 3/3
     0 | D:1      | 0 ||| qw: Version: 0.3-a-22-g0ed2b0b
     0 | D:1      | 0 ||| qw: Game counter: 6070
     0 | D:1      | 0 ||| qw: Melee chars always use a shield: true
     0 | D:1      | 0 ||| qw: God list: Okawaru
     0 | D:1      | 0 ||| qw: Allow faded altars: false
     0 | D:1      | 0 ||| qw: Do Orc after clearing Dungeon:15 true
     0 | D:1      | 0 ||| qw: Do second Lair branch before Depths: true
     0 | D:1      | 0 ||| qw: Lair rune preference: random
     0 | D:1      | 0 ||| qw: Goals: Normal
     0 | D:1      | 0 ||| PLANNING D:1-11
   132 | D:1      | 132 ||| FLEEEEING.
   134 | D:1      | 134 ||| FLEEEEING.
   135 | D:1      | 135 ||| FLEEEEING.
   136 | D:1      | 136 ||| FLEEEEING.
   137 | D:1      | 137 ||| FLEEEEING.
   138 | D:1      | 138 ||| FLEEEEING.
   139 | D:1      | 139 ||| FLEEEEING.
   140 | D:1      | 140 ||| FLEEEEING.
   141 | D:1      | 141 ||| FLEEEEING.
   145 | D:1      | Reached skill level 6 in Ranged Weapons
   145 | D:1      | Reached XP level 2. HP: 15/16 MP: 4/4
   448 | D:1      | Reached XP level 3. HP: 11/20 MP: 5/5
   573 | D:1      | 573 ||| DROPPING scarf of harm.
   574 | D:1      | 574 ||| READING scroll labelled USOC KIFFU.
   575 | D:1      | 575 ||| READING scroll labelled CIXAMI DOUGO.
   576 | D:1      | 576 ||| READING scroll labelled AFEIMOSUZA.
   579 | D:1      | 579 ||| DRINKING 2 glowing sapphire potions.
   580 | D:1      | 580 ||| DROPPING scroll of butterflies.
   581 | D:1      | 581 ||| DROPPING potion of degeneration.
   654 | D:2      | Reached skill level 7 in Ranged Weapons
   669 | D:2      | Noticed Robin
   686 | D:2      | 686 ||| Stepping ~*~*~tactically~*~*~ (outnumbered).
   687 | D:2      | HP: 5/20 [goblin/+0 dagger[Robin] (3)]
   688 | D:2      | Slain by a goblin

Levels and vault maps discovered:
D:1:      dpeg_arrival_simpleton_b, layout_rooms
D:2:      layout_basic, kennysheep_generic_room_10, uniq_robin

Skill      XL: |  1  2  3 |
---------------+----------+-----
Ranged Weapons | 6 7 |  7.1
Fighting       | |  1.5
Dodging        | |  2.4
Stealth        | |  1.2

Action                     || total
---------------------------++-------
   Fire: Shortbow          ||   124
    Use: Scroll            ||     3
         Potion            ||     1
 Armour: Leather armour    ||    27
  Dodge: Dodged            ||    67

Table legend:
 A = Non-vault XP
 B = Vault XP
 C = Vault XP percentage of total XP
 D = Non-vault monster count
 E = Vault monster count
 F = Vault count percentage of total count
                 A         B        C        D         E       F
            +---------+---------+-------+---------+---------+-------
      Total |      64 |      11 |  14.7 |      34 |       7 |  17.1
            +---------+---------+-------+---------+---------+-------
        D:1 |      47 |       0 |   0.0 |      30 |       0 |   0.0
        D:2 |      17 |      11 |  39.3 |       4 |       7 |  63.6
            +---------+---------+-------+---------+---------+-------
